 Dungeon Crawl Stone Soup version 0.19.1 (webtiles) character file.

28385 esteth the Severer (level 13, -3/117 HPs)
             Began as a Minotaur Fighter on Dec 28, 2016.
             Was a High Priest of Okawaru.
             Slain by an 11-headed hydra (4 damage)
             ... on level 6 of the Lair of Beasts.
             The game lasted 00:49:24 (18644 turns).

esteth the Severer (Minotaur Fighter)              Turns: 18644, Time: 00:49:25

Health: -3/117     AC: 20    Str: 27    XL:     13   Next: 9%
Magic:  15/20      EV: 19    Int: 11    God:    Okawaru [*****.]
Gold:   1054       SH:  3    Dex:  9    Spells: 0 memorised, 12 levels left

rFire  + . .     SeeInvis .     F - +2 battleaxe
rCold  + . .     Gourm    .     E - +3 scale mail {rC+}
rNeg   . . .     Faith    .     (shield currently unavailable)
rPois  +         Spirit   .     (helmet restricted)
rElec  .         Reflect  +     R - +2 cloak {rPois}
rCorr  .         Harm     .     (no gloves)
MR     +....     NoTele   +     I - +2 pair of boots of Pathos {-Tele rF+ Int+6}
Stlth  +.........               D - +3 amulet of reflection
                                L - ring of protection from magic
                                r - +3 ring of evasion

@: heroism, finesse, mesmerised
A: retaliatory headbutt, horns 2
a: Heroism, Finesse, Renounce Religion


You were on level 6 of the Lair of Beasts.
You worshipped Okawaru.
Okawaru was extremely pleased with you.
You were hungry.

You visited 2 branches of the dungeon, and saw 15 of its levels.

You collected 1054 gold pieces.

Inventory:

Hand Weapons
 n - a +1 mace of protection
 A - a +2 quarterstaff of chaos
 F - a +2 battleaxe (weapon)
Armour
 c - a +0 shield
 l - a +0 cloak
 E - a +3 scale mail of cold resistance (worn)
 I - the +2 pair of boots of Pathos (worn) {-Tele rF+ Int+6}
   (Okawaru gifted it to you on level 1 of the Lair of Beasts)

   It affects your intelligence (+6).
   It protects you from fire.
   It prevents most forms of teleportation.
 R - a +2 cloak of poison resistance (worn)
Jewellery
 r - a +3 ring of evasion (left hand)
 x - an uncursed ring of magical power
 D - a +3 amulet of reflection (around neck)
 J - an uncursed ring of positive energy
 L - a ring of protection from magic (right hand)
Wands
 m - a wand of hasting (2/9)
 y - a wand of disintegration (2/24)
 z - a wand of enslavement (1/24)
 G - a wand of paralysis (10/24)
 H - a wand of iceblast (0/15)
 N - a wand of polymorph (13/24)
Scrolls
 a - a scroll of acquirement {unknown}
 k - 10 scrolls of remove curse
 o - 5 scrolls of amnesia
 p - 2 scrolls of identify
 u - a scroll of magic mapping
 Q - 2 scrolls of teleportation
Potions
 d - 3 potions of might
 e - 2 potions of mutation
 h - 4 potions of lignification
 i - 2 potions of flight
 j - a potion of ambrosia
 q - 2 potions of haste
 s - a potion of curing
 t - 2 potions of degeneration
 C - 2 potions of agility
 M - a potion of brilliance {unknown}
 P - a potion of cancellation {unknown}
Books
 O - a book of Maledictions

   Spells                             Type                      Level
   a - Corona                         Hexes                        1
   b - Ensorcelled Hibernation        Hexes/Ice                    2
   c - Confuse                        Hexes                        3
   d - Tukima's Dance                 Hexes                        3
   e - Dazzling Spray                 Conjuration/Hexes            3
 S - a book of Cantrips

   Spells                             Type                      Level
   a - Confusing Touch                Hexes                        1
   b - Animate Skeleton               Necromancy                   1
   c - Summon Small Mammal            Summoning                    1
   d - Apportation                    Translocation                1
Comestibles
 b - 3 beef jerkies
 f - 5 bread rations
 g - 5 meat rations
 w - 17 fruits
 B - 2 royal jellies
 K - 2 slices of pizza


   Skills:
 - Level 11.8(16.8) Fighting
 + Level 15.4(20.4) Axes
 - Level 9.0(14.0) Armour
 + Level 8.4(13.4) Dodging
 - Level 3.7(8.7) Shields
 - Level 11.1 Invocations


You had 12 spell levels left.
You didn't know any spells.

Dungeon Overview and Level Annotations

Branches:
Dungeon (9/15)             Temple (0/1) D:7            Lair (6/6) D:8
 Shoals (0/4) Lair:4        Snake (0/4) Lair:4        Slime (0/5) Lair:5
    Orc: D:9-12

Altars:
Fedhas
Okawaru
Sif Muna
Trog
Uskayaw
Vehumet
The Shining One

Shops:
D:5 :


Innate Abilities, Weirdness & Mutations

You reflexively headbutt those who attack you in melee.
You have a pair of horns on your head.


Message History

The 11-headed hydra misses you. x2
The 11-headed hydra bites you but does no damage. x4
The 11-headed hydra misses you. The seven-headed hydra misses you.
The seven-headed hydra bites you but does no damage.
The seven-headed hydra closely misses you. x2
The seven-headed hydra bites you but does no damage. x2
The seven-headed hydra closely misses you.
You continue taking off the +2 pair of boots of Pathos {-Tele rF+ Int+6}.
The harpy screeches!
The harpy claws you.
* * * LOW HITPOINT WARNING * * *
The harpy claws you.
* * * LOW HITPOINT WARNING * * *
The merfolk avatar chants its luring song.
You block the harpy's attack. The harpy closely misses you.
The harpy completely misses you. The harpy closely misses you.
The 11-headed hydra misses you. The 11-headed hydra bites you.
* * * LOW HITPOINT WARNING * * *
The 11-headed hydra bites you.
You die...

≈. .≈.≈≈.≈..####..... #≈
#P≈≈≈≈.....#.....
##≈≈##≈≈##≈..........
≈≈≈≈≈≈≈≈≈≈≈.........#
≈≈≈≈≈≈≈≈≈≈≈........#.
#######≈##.#.P..P.#.#
#8≈≈≈≈##..#.P....##
#≈≈≈≈≈≈≈≈≈###P....#
#≈@H≈≈≈≈.≈#.#......
#DDH≈≈#≈≈###.......
≈≈h≈≈#≈≈#.P###....≈≈
≈≈m≈≈8≈≈≈≈≈..#.....≈≈≈
≈(H≈≈≈≈8≈≈≈≈≈.......≈≈≈≈
$}≈≈≈≈≈≈≈#≈##≈......≈≈≈≈
≈≈≈≈≈#≈≈≈≈≈##.......≈≈≈≈
≈#≈≈≈#≈≈≈≈≈≈≈≈.......≈≈≈
≈≈≈≈≈......≈≈≈≈


You could see a merfolk avatar, a 11-headed hydra, a seven-headed hydra, a polar
bear, a hippogriff and 2 harpies.

Vanquished Creatures
  The ghost of Kite the Executioner, a journeyman MiBe of Trog (Lair:6)
  Snorg (Lair:6)
  3 hydras
  Harold (Lair:3)
  A death yak (Lair:6)
  A lindwurm (Lair:3)
  A manticore (Lair:4)
  The ghost of KingCrawl the Destroyer, a novice DsCj of Sif Muna (D:5)
  3 elephants (Lair:4)
  4 black mambas
  8 spiny frogs
  3 rime drakes
  5 komodo dragons
  2 polar bears
  Grinder (D:4)
  6 blink frogs
  Prince Ribbit (D:7)
  8 hippogriffs
  A hornet (Lair:6)
  6 dream sheep
  A spriggan (D:8)
  13 yaks
  4 wyverns
  A steam dragon (Lair:2)
  A hungry ghost (D:5)
  2 nagas (Lair:4)
  7 water moccasins
  11 porcupines
  2 sky beasts
  2 orc warriors
  A necrophage (D:6)
  2 phantoms
  4 ogres
  4 wolves (Lair:1)
  6 centaurs
  9 crocodiles
  Blork the orc (D:6)
  9 bullfrogs
  A wyvern zombie (D:6)
  A water moccasin skeleton (D:9)
  2 scorpions
  The ghost of Mungo the Chopper, a weakling MiMo (D:3)
  4 wights (D:7)
  5 howler monkeys
  4 electric eels
  2 bullfrog zombies
  6 crimson imps
  2 jellies
  Crazy Yiuf (D:4)
  8 hounds
  An orc wizard (D:5)
  2 orc priests
  A centaur skeleton (D:5)
  3 iguanas
  6 worker ants
  5 hell rats
  Terence (D:3)
  Robin (D:4)
  7 gnolls
  9 adders
  3 shadow imps
  An ooze (D:3)
  4 adder skeletons
  8 worms
  3 dart slugs (D:1)
  3 leopard geckos (D:6)
  16 orcs
  A ball python (D:1)
  4 giant cockroaches
  14 goblins
  10 hobgoblins
  4 jackals
  7 kobolds
  A quokka (D:5)
  13 bats
  6 frilled lizards
  A jackal skeleton (D:8)
  18 rats
  3 fungi
331 creatures vanquished.

Vanquished Creatures (collateral kills)
  The ghost of Mungo the Acrobat, a journeyman FeBe of Trog (Lair:6)
  A torpor snail (Lair:6)
  An iguana (D:7)
  A hell rat (Lair:6)
4 creatures vanquished.

Vanquished Creatures (others)
  21 fungi
  25 plants
46 creatures vanquished.

Grand Total: 381 creatures vanquished

Notes
Turn   | Place    | Note
-------+----------+-------------------------------------------
     0 | D:1      | esteth the Minotaur Fighter began the quest for the Orb.
     0 | D:1      | Reached XP level 1. HP: 19/19 MP: 0/0
    57 | D:1      | Reached skill level 1 in Dodging
    57 | D:1      | Reached XP level 2. HP: 27/27 MP: 1/1
   210 | D:1      | Reached skill level 3 in Axes
   477 | D:2      | Reached XP level 3. HP: 33/33 MP: 2/2
   547 | D:2      | Found a glowing golden altar of the Shining One.
   775 | D:3      | Found a faded altar of an unknown god.
   784 | D:3      | Reached XP level 4. HP: 40/40 MP: 3/3
   899 | D:3      | Found an iron altar of Okawaru.
   912 | D:3      | Became a worshipper of Warmaster Okawaru
   933 | D:3      | Reached skill level 4 in Axes
   944 | D:3      | Noticed a moth of wrath
   947 | D:3      | Found a bloodstained altar of Trog.
  1248 | D:3      | Noticed an ogre
  1257 | D:3      | HP: 2/40 [ogre/giant club (22)]
  1575 | D:3      | Noticed Mungo's ghost (weakling MiMo)
  1597 | D:3      | Killed Mungo's ghost
  1597 | D:3      | Reached XP level 5. HP: 41/46 MP: 4/4
  1681 | D:3      | Noticed Terence
  1686 | D:3      | Killed Terence
  1840 | D:3      | Reached skill level 5 in Axes
  1913 | D:3      | Killed an ogre
  1913 | D:3      | Reached XP level 6. HP: 16/52 MP: 5/5
  2350 | D:4      | Noticed Robin
  2364 | D:3      | Reached skill level 5 in Armour
  2380 | D:4      | Killed Robin
  2586 | D:4      | Noticed Grinder
  2603 | D:4      | Paralysed by Grinder for 7 turns
  2617 | D:4      | Killed Grinder
  2617 | D:4      | Reached * piety under Okawaru
  2617 | D:4      | Reached skill level 6 in Axes
  2617 | D:4      | Reached XP level 7. HP: 27/58 MP: 6/6
  3028 | D:4      | Reached skill level 7 in Axes
  3102 | D:4      | Found a runed door.
  3106 | D:4      | Noticed Crazy Yiuf
  3110 | D:4      | Killed Crazy Yiuf
  3195 | D:5      | Entered Level 5 of the Dungeon
  3242 | D:5      | Noticed KingCrawl's ghost (novice DsCj)
  3319 | D:5      | HP: 3/60 [poisoned by a water moccasin]
  3326 | D:5      | HP: 2/60 [poisoned by a water moccasin]
  3334 | D:5      | HP: 2/60 [poisoned by a water moccasin]
  3715 | D:5      | Reached ** piety under Okawaru
  3715 | D:5      | Reached skill level 5 in Fighting
  3737 | D:5      | Found Fiureler's Book Shop.
  3789 | D:5      | Reached skill level 8 in Axes
  3789 | D:5      | Reached XP level 8. HP: 59/69 MP: 7/7
  4536 | D:5      | Killed KingCrawl's ghost
  4536 | D:5      | Reached *** piety under Okawaru
  4536 | D:5      | Reached skill level 9 in Axes
  4536 | D:5      | Reached skill level 5 in Dodging
  5129 | D:5      | Reached skill level 1 in Invocations
  5189 | D:5      | You fall through a shaft!
  5302 | D:6      | Found a hide-covered altar of Uskayaw.
  5520 | D:6      | Reached XP level 9. HP: 59/74 MP: 9/9
  5794 | D:6      | Reached skill level 10 in Axes
  5883 | D:6      | Reached **** piety under Okawaru
  6228 | D:6      | Noticed Blork the orc
  6236 | D:6      | Killed Blork the orc
  7243 | D:7      | Found a blossoming altar of Fedhas.
  7291 | D:7      | Found a staircase to the Ecumenical Temple.
  7681 | D:7      | Reached skill level 5 in Invocations
  7706 | D:7      | Reached skill level 11 in Axes
  7710 | D:7      | Noticed Prince Ribbit
  7719 | D:7      | Killed Prince Ribbit
  7823 | D:8      | Reached XP level 10. HP: 71/83 MP: 13/13
  7921 | D:8      | Reached ***** piety under Okawaru
  8115 | D:8      | Found a staircase to the Lair.
  8414 | D:8      | You fall through a shaft!
  8938 | Lair:1   | Entered Level 1 of the Lair of Beasts
  8980 | Lair:1   | Noticed a spiny frog
  8997 | Lair:1   | Killed a spiny frog
  9193 | Lair:1   | Found a radiant altar of Vehumet.
  9671 | Lair:1   | Reached skill level 12 in Axes
 10365 | Lair:1   | Received a gift from Okawaru
 10368 | Lair:1   | Got a pair of dazzling boots {god gift}
 10374 | Lair:1   | Identified the +2 pair of boots of Pathos {-Tele rF+ Int+6} (Okawaru gifted it to you on level 1 of the Lair of Beasts)
 10683 | Lair:2   | You fall through a shaft for 2 floors!
 10867 | Lair:4   | Reached XP level 11. HP: 91/95 MP: 15/15
 10875 | Lair:4   | Found a staircase to the Shoals.
 10902 | Lair:4   | Found a staircase to the Snake Pit.
 11833 | Lair:3   | Reached skill level 13 in Axes
 12841 | Lair:3   | Noticed Harold
 12865 | Lair:3   | Killed Harold
 13661 | Lair:3   | Noticed a lindwurm
 13671 | Lair:3   | Killed a lindwurm
 13862 | Lair:3   | Received a gift from Okawaru
 14013 | Lair:4   | Noticed a five-headed hydra
 14031 | Lair:4   | HP: 1/95 [ten-headed hydra (13)]
 14034 | Lair:4   | Killed a ten-headed hydra
 14450 | Lair:4   | Reached skill level 14 in Axes
 14450 | Lair:4   | Reached XP level 12. HP: 68/104 MP: 18/18
 15368 | Lair:5   | Found a staircase to the Slime Pits.
 15496 | Lair:5   | Found a deep blue altar of Sif Muna.
 15521 | Lair:5   | Received a gift from Okawaru
 15543 | Lair:5   | Reached skill level 10 in Fighting
 16046 | Lair:5   | Reached skill level 10 in Invocations
 16282 | Lair:6   | Entered Level 6 of the Lair of Beasts
 16317 | Lair:6   | Noticed an eight-headed hydra
 16341 | Lair:6   | Killed a 14-headed hydra
 16460 | Lair:5   | Noticed an eight-headed hydra
 16466 | Lair:5   | Killed an 11-headed hydra
 16673 | Lair:6   | Noticed a death yak
 16687 | Lair:6   | Killed a death yak
 16822 | Lair:6   | Noticed Kite's ghost (journeyman MiBe)
 16848 | Lair:6   | Killed Kite's ghost
 16848 | Lair:6   | Reached skill level 15 in Axes
 17143 | Lair:6   | Noticed Mungo's ghost (journeyman FeBe)
 17757 | Lair:6   | Killed Mungo's ghost
 17813 | Lair:6   | Noticed Snorg
 18002 | Lair:6   | Reached XP level 13. HP: 63/117 MP: 17/20
 18278 | Lair:6   | Killed Snorg
 18644 | Lair:6   | HP: 1/117 [11-headed hydra (5)]
 18644 | Lair:6   | Slain by an 11-headed hydra

Skill      XL: |  1  2  3  4  5  6  7  8  9 10 11 12 13 |
---------------+----------------------------------------+-----
Dodging        | 1 2 3 6 7 8 |  8.4
Axes           | 3 4 5 6 8 9 11 12 14 15 | 15.4
Armour         | 4 6 9 |  9.0
Fighting       | 5 8 9 11 | 11.8
Invocations    | 2 5 7 9 11 | 11.1
Shields        | |  3.7

Action                   |  1- 3 |  4- 6 |  7- 9 | 10-12 | 13-15 || total
-------------------------+-------+-------+-------+-------+-------++-------
Melee: War axe           |    73 |   127 |   356 |       |       ||   556
       Headbutt          |     4 |    23 |    66 |   106 |     6 ||   205
       Battleaxe         |       |       |    31 |   537 |    27 ||   595
Invok: Heroism           |       |       |     2 |    13 |     1 ||    16
       Finesse           |       |       |       |     5 |     1 ||     6
Evoke: Wand              |       |       |       |    13 |     2 ||    15
  Use: Scroll            |       |     6 |     8 |    14 |       ||    28
       Potion            |       |       |       |    12 |     2 ||    14
 Stab: Distracted        |       |       |       |     2 |       ||     2
  Eat: Chunk             |       |     6 |    10 |    21 |       ||    37
       Bread ration      |       |       |     3 |     2 |       ||     5
       Meat ration       |       |       |       |     1 |       ||     1
Armor: Scale mail        |    12 |       |       |   124 |    36 ||   172
       Chain mail        |    19 |    47 |   143 |   149 |       ||   358
       Skin              |       |       |       |     6 |       ||     6
Dodge: Dodged            |    26 |    42 |    94 |   468 |    77 ||   707
Block: Shield            |    39 |    60 |   165 |       |       ||   264
       Other             |       |       |     5 |    77 |    16 ||    98
       Reflection        |       |       |       |     5 |       ||     5
